 Dungeon Crawl Stone Soup version 0.23-a0-741-g38971ea054 (webtiles) character file.

2300 LLavrengius the Slicer (level 9, 0/64 HPs)
             Began as an Octopode Fighter on Jan 17, 2019.
             Was a Believer of Wu Jian.
             Slain by a sky beast (2 damage)
             ... on level 7 of the Dungeon on Jan 18, 2019.
             The game lasted 00:19:49 (7578 turns).

LLavrengius the Slicer (Octopode Fighter)           Turns: 7578, Time: 00:19:49

Health: 0/64       AC:  1    Str: 15    XL:     9   Next: 40%
Magic:  18/18      EV: 11    Int: 13    God:    Wu Jian [**....]
Gold:   586        SH:  9    Dex: 12    Spells: 8/8 levels left

rFire    . . .     SeeInvis .   a - +0 rapier
rCold    + . .     Gourm    .   b - +1 shield
rNeg     . . .     Faith    .   (helmet restricted)
rPois    .         Spirit   .   (no amulet)
rElec    .         Reflect  .   k - ring of protection from cold
rCorr    .         Harm     .   m - ring of magical power
MR       .....                  (no ring)
Stlth    ++++......             (no ring)
HPRegen  0.20/turn              (no ring)
MPRegen  0.16/turn              (no ring)
                                (no ring)
                                (no ring)

@: no status effects
A: almost no armour, stealthy swim, amphibious, 8 rings, constrict 8, camouflage
1, gelatinous body 1
a: Wall Jump, Renounce Religion


You were on level 7 of the Dungeon.
You worshipped Wu Jian.
Wu Jian was pleased with you.
You were not hungry.

You visited 2 branches of the dungeon, and saw 8 of its levels.

You collected 586 gold pieces.

Inventory:

Hand Weapons
 a - a +0 rapier (weapon)
 x - a +0 trident
Armour
 b - a +1 shield (worn)
Jewellery
 k - a ring of protection from cold (left tentacle)
 m - a ring of magical power (right tentacle)
 y - an uncursed amulet of guardian spirit {unknown}
Scrolls
 e - 3 scrolls of remove curse
 g - a scroll of blinking {unknown}
 j - a scroll of enchant armour
 n - 2 scrolls of identify {unknown}
 o - a scroll of immolation {unknown}
 u - a scroll of fear
Potions
 c - 2 potions of might
 f - a potion of brilliance {unknown}
 h - 3 potions of curing {unknown}
 i - 2 potions of flight {unknown}
 l - a potion of haste {unknown}
 p - 2 potions of agility {unknown}
 q - a potion of invisibility {unknown}
 r - a potion of berserk rage {unknown}
 s - 2 potions of ambrosia
 t - 3 potions of degeneration {unknown}
 v - 2 potions of lignification {unknown}
Comestibles
 d - 19 rations


   Skills:
 + Level 7.6 Fighting
 + Level 9.3 Short Blades
 - Level 3.0 Dodging
 - Level 6.0 Stealth
 - Level 3.0 Shields


You had 8 spell levels left.
You didn't know any spells.
Your spell library contained the following spells:

 Spells                   Type           Power        Failure   Level  Hunger
 Beastly Appendage        Tmut           #.....       82%         1    ##.....
 Sticks to Snakes         Tmut           #.......     91%         2    ###....
 Spider Form              Tmut/Pois      #.........   99%         3    ####...
 Ice Form                 Ice/Tmut       #.......     100%        4    #####..
 Blade Hands              Tmut           #.........   100%        5    ######.


Dungeon Overview and Level Annotations

Branches:
Dungeon (7/15)             Temple (1/1) D:4

Altars:
Ashenzari
Cheibriados
Dithmenos
Elyvilon
Fedhas
Gozag
Hepliaklqana
Kikubaaqudgha
Makhleb
Nemelex Xobeh
Okawaru
Ru
Sif Muna
Trog
Uskayaw
Vehumet
Wu Jian
Xom
Yredelemnul
Zin
The Shining One


Innate Abilities, Weirdness & Mutations

You cannot wear most types of armour.
You are very stealthy in the water. (Stealth+)
You are amphibious.
You can wear up to eight rings at the same time.
You can use your tentacles to constrict eight enemies at once.
Your skin changes colour to match your surroundings (Stealth+).
Your rubbery body absorbs attacks. (AC +1, EV +1)


Message History

Reactivating autopickup.
You lunge at the sky beast.
You closely miss the sky beast. Your squeeze misses the sky beast.
The sky beast is severely wounded.
The sky beast flickers out of sight!
Deactivating autopickup; reactivate with Ctrl-A.
Something hits you.
* * * LOW HITPOINT WARNING * * *
Something shocks you.
* * * LOW HITPOINT WARNING * * *
Okay, then.
Number of times to repeat, then command key: You must enter the number of times for the command to repeat.
Something hits you.
* * * LOW HITPOINT WARNING * * *
Something shocks you.
* * * LOW HITPOINT WARNING * * *
There is a stone staircase leading up here.
Something hits you.
You die...

#.......#.....#....#......#..
#......##....##....#......#..
#......##....####'##......#..
#......#..........†#......###
#......##..........###'###...
#####'###...........#....#...
....#$.....##....##.....#....#...
....#..?...###+####.....#....#...
....+...........@##....##....#...
....#......##....########'####...
....#......##.....#..........#...
....#......≈......#..........####
....#.............#...........#
....#.............#...........#
....#......##....###...##.....#
....#########....###...##.....#
....#......#.......#...########


There were no monsters in sight!

Vanquished Creatures
  Grinder (D:6)
  2 hippogriffs
  A sky beast (D:7)
  A black bear (D:7)
  An ice beast (D:7)
  3 ogres
  2 centaurs (D:6)
  A bullfrog (D:7)
  5 scorpions
  A howler monkey (D:5)
  A crimson imp (D:5)
  4 hounds
  3 orc priests
  2 jellies
  An orc wizard (D:5)
  An iguana (D:6)
  3 worker ants
  A hound zombie (D:7)
  A hound skeleton (D:5)
  10 adders
  3 gnolls (D:7)
  A shadow imp (D:7)
  2 oozes (D:1)
  2 worms (D:2)
  2 dart slugs
  4 leopard geckos
  15 orcs
  7 bats
  4 giant cockroaches
  6 goblins
  5 hobgoblins
  4 jackals (D:1)
  10 kobolds
  A quokka (D:5)
  5 ball pythons
  7 frilled lizards
  A jackal skeleton (D:4)
  A quokka skeleton (D:6)
  A quokka zombie (D:5)
  3 rats
129 creatures vanquished.

Notes
Turn   | Place    | Note
-------+----------+-------------------------------------------
     0 | D:1      | LLavrengius the Octopode Fighter began the quest for the
                  | Orb.
     0 | D:1      | Reached XP level 1. HP: 16/16 MP: 1/1
    25 | D:1      | Reached skill level 1 in Stealth
   119 | D:1      | Reached XP level 2. HP: 19/21 MP: 2/2
   326 | D:1      | Reached XP level 3. HP: 17/26 MP: 3/3
  1055 | D:2      | Reached skill level 3 in Short Blades
  1055 | D:2      | Reached XP level 4. HP: 18/31 MP: 4/4
  2155 | D:3      | Reached skill level 4 in Short Blades
  2155 | D:3      | Reached XP level 5. HP: 34/36 MP: 5/5
  2461 | D:4      | Found a staircase to the Ecumenical Temple.
  2474 | Temple   | Entered the Ecumenical Temple
  2569 | Temple   | Became a worshipper of the Wu Jian Council
  2672 | D:4      | Reached skill level 5 in Short Blades
  2722 | D:4      | Noticed an ogre
  2771 | D:4      | Killed an ogre
  2771 | D:4      | Reached XP level 6. HP: 32/42 MP: 6/6
  2922 | D:4      | Reached skill level 6 in Short Blades
  3457 | D:4      | Found a snail-covered altar of Cheibriados.
  3457 | D:4      | Found a shadowy altar of Dithmenos.
  3557 | D:5      | Entered Level 5 of the Dungeon
  3595 | D:5      | Reached XP level 7. HP: 35/46 MP: 7/7
  3758 | D:5      | Upgraded the game from 0.23-a0-729-g94ec0301e6 to
                  | 0.23-a0-741-g38971ea054
  3837 | D:5      | Found an opulent altar of Gozag.
  3839 | D:5      | Noticed a hippogriff
  3846 | D:5      | Killed a hippogriff
  3846 | D:5      | Reached skill level 7 in Short Blades
  4266 | D:5      | Reached * piety under Wu Jian
  4379 | D:5      | Reached skill level 5 in Fighting
  4415 | D:5      | Reached XP level 8. HP: 48/55 MP: 8/8
  4782 | D:5      | Found a basalt altar of Yredelemnul.
  5555 | D:6      | Noticed Grinder
  5560 | D:6      | Killed Grinder
  5560 | D:6      | Reached skill level 8 in Short Blades
  5560 | D:6      | Reached skill level 5 in Stealth
  5980 | D:6      | Found a hide-covered altar of Uskayaw.
  6837 | D:7      | Reached XP level 9. HP: 63/63 MP: 9/9
  6906 | D:7      | Reached ** piety under Wu Jian
  7016 | D:7      | Reached skill level 9 in Short Blades
  7574 | D:7      | HP: 1/64 [something (5)]
  7578 | D:7      | Slain by a sky beast

Vault maps used:
D:1:      eino_arrival_druids_welcome
D:3:      first_ration, minmay_tree_intersection
D:4:      gammafunk_temple_overflow_statue, minmay_temple_entry_stoned_glass,
          lemuel_statue_altar
D:5:      marbit_many_paths, kennysheep_mini_moat
D:6:      kennysheep_big_flooded_room, lemuel_doored_altar, uniq_grinder
Temple:   lightli_temple_of_artemis

Skill      XL: |  1  2  3  4  5  6  7  8  9 |
---------------+----------------------------+-----
Stealth        | 1 3 4 6 |  6.0
Short Blades   | 3 4 5 6 7 8 9 |  9.3
Fighting       | 5 6 7 |  7.6
Dodging        | |  3.0
Shields        | |  3.0

Action                   |  1- 3 |  4- 6 |  7- 9 || total
-------------------------+-------+-------+-------++-------
Melee: Rapier            |    77 |    76 |   181 ||   334
       Constrict         |    19 |    14 |    32 ||    65
       Tentacles         |    12 |    11 |    38 ||    61
Invok: Lunge             |       |     2 |    21 ||    23
       Whirlwind         |       |       |    17 ||    17
  Use: Potion            |     1 |       |       ||     1
       Scroll            |       |     7 |       ||     7
 Stab: Sleeping          |    12 |    13 |    12 ||    37
       Distracted        |       |     1 |       ||     1
  Eat: Chunk             |       |     8 |    13 ||    21
Armor: Skin              |     5 |     1 |     3 ||     9
Dodge: Dodged            |    38 |    16 |    38 ||    92
Block: Shield            |    33 |    23 |    66 ||   122

Table legend:
 A = Non-vault XP
 B = Vault XP
 C = Vault XP percentage of total XP
 D = Non-vault monster count
 E = Vault monster count
 F = Vault count percentage of total count
                 A         B        C        D         E       F
            +---------+---------+-------+---------+---------+-------
      Total |    2930 |     357 |  10.9 |     126 |       3 |   2.3
            +---------+---------+-------+---------+---------+-------
        D:1 |      69 |       0 |   0.0 |      34 |       0 |   0.0
        D:2 |      63 |       0 |   0.0 |      17 |       0 |   0.0
        D:3 |      38 |       0 |   0.0 |      10 |       0 |   0.0
        D:4 |     319 |       0 |   0.0 |      10 |       0 |   0.0
        D:5 |     876 |       0 |   0.0 |      20 |       0 |   0.0
        D:6 |     364 |     357 |  49.5 |       8 |       3 |  27.3
        D:7 |    1201 |       0 |   0.0 |      27 |       0 |   0.0
            +---------+---------+-------+---------+---------+-------
